 Dungeon Crawl Stone Soup version 0.31-a0-1127-ge7b2bbabab (webtiles) character file.

Game seed: 17571803295542712108

4025 GreatBamboolord the Thaumaturge (level 10, 0/56 HPs)
             Began as a Deep Elf Earth Elementalist on Dec 5, 2023.
             Was an Elder of Sif Muna.
             Slain by a killer bee (1 damage)
             ... on level 8 of the Dungeon.
             The game lasted 00:19:28 (8824 turns).

GreatBamboolord the Thaumaturge (DEEE)              Turns: 8824, Time: 00:19:29

Health: 0/56       AC:  8    Str:  5    XL:     10   Next: 4%
Magic:  3/24       EV: 15    Int: 25    God:    Sif Muna [****..]
Gold:   282        SH:  0    Dex: 15    Spells: 11/25 levels left

rFire   . . .        l - +5 woodcutter's axe
rCold   . . .        (shield currently unavailable)
rNeg    . . .        a - +0 robe
rPois   .            H - +0 helmet
rElec   .            (no cloak)
rCorr   .            n - +0 pair of gloves
SInv    .            (no boots)
Will    +....        (no amulet)
Stlth   +++          i - +4 ring of protection
HPRegen 0.29/turn    F - ring of wizardry
MPRegen 0.19/turn

%: wizardry (x1)
@: mighty, about to teleport, attractive
A: no striking features
a: Renounce Religion, Channel Magic, Forget Spell, Divine Exegesis


You were on level 8 of the Dungeon.
You worshipped Sif Muna.
Sif Muna was greatly pleased with you.
You visited 2 branches of the dungeon, and saw 10 of its levels.
You also visited: Sewer.

You collected 357 gold pieces.
You spent 75 gold pieces at shops.

Inventory:

Hand Weapons
 l - the +5 woodcutter's axe (weapon)
   (You found it on level 4 of the Dungeon)
 r - a +0 dagger of draining
Missiles
 u - 4 datura-tipped darts
 v - 3 atropa-tipped darts
 I - a throwing net
Armour
 a - a +0 robe (worn)
 n - a +0 pair of gloves (worn)
 H - a +0 helmet (worn)
Jewellery
 c - a ring of willpower
 f - a +5 ring of evasion
 i - a +4 ring of protection (left hand)
 k - a ring of flight
 F - a ring of wizardry (right hand)
 L - a ring of resist corrosion
Wands
 g - a wand of charming (9)
 q - a wand of digging (8)
 E - a wand of polymorph (13)
 J - a wand of roots (2)
Scrolls
 e - 2 scrolls of immolation
 j - 5 scrolls of teleportation
 y - a scroll of vulnerability
 z - a scroll of enchant armour {unknown}
 C - a scroll of amnesia {unknown}
 D - 2 scrolls of revelation
 K - a scroll of enchant weapon {unknown}
Potions
 b - 4 potions of magic
 d - 3 potions of enlightenment
 m - a potion of attraction
 o - a potion of berserk rage {unknown}
 p - a potion of invisibility {unknown}
 s - 4 potions of cancellation
 t - a potion of ambrosia {unknown}
 w - 2 potions of lignification {unknown}
 x - 2 potions of haste {unknown}
 A - 4 potions of brilliance
 B - 2 potions of might
 G - a potion of resistance
 N - a potion of mutation {unknown}


   Skills:
 + Level 3.5 Fighting
 * Level 7.5 Dodging
 + Level 6.1 Stealth
 * Level 8.3 Spellcasting
 * Level 6.2 Conjurations
 - Level 4.0 Transmutations
 * Level 7.3 Earth Magic
 + Level 4.2 Invocations


You had 11 spell levels left.
You knew the following spells:

 Your Spells              Type           Power      Damage    Failure   Level
a - Sandblast             Erth           94%        2d19      1%          1
b - Passwall              Tmut/Erth      31%        N/A       1%          2
c - Stone Arrow           Conj/Erth      88%        3d12      1%          3
d - Brom's Barrelling Bo  Conj/Erth      44%        2d6       1%          4
e - Petrify               Tmut/Erth      38%        N/A       2%          4

Your spell library contained the following spells:

 Spells                   Type           Power      Damage    Failure   Level
 Apportation              Tloc           20%        N/A       2%          1
 Necrotise                Necr           40%        1d6       2%          1
 Summon Small Mammal      Summ           40%        N/A       2%          1
 Ensorcelled Hibernation  Hex/Ice        20%        N/A       3%          2
 Jinxbite                 Hex            20%        N/A       3%          2
 Lesser Beckoning         Tloc           20%        N/A       3%          2
 Sublimation of Blood     Necr           10%        N/A       3%          2
 Call Canine Familiar     Summ           10%        N/A       7%          3
 Gell's Gravitas          Tloc           10%        N/A       7%          3
 Summon Guardian Golem    Hex/Summ       10%        N/A       7%          3
 Teleport Other           Tloc           10%        N/A       7%          3
 Irradiate                Conj/Tmut      18%        3d17      9%          5
 Anguish                  Hex/Necr       5%         N/A       22%         4
 Cause Fear               Hex            5%         N/A       22%         4
 Enfeeble                 Hex            5%         N/A       100%        7


Dungeon Overview and Level Annotations

Branches:
Dungeon (9/15)             Temple (1/1) D:7            Lair (0/5) D:8
  Sewer (visited)
    Orc: D:9-12

Altars:
Ashenzari
Cheibriados
Dithmenos
Elyvilon
Fedhas
Hepliaklqana
Kikubaaqudgha
Makhleb
Nemelex Xobeh
Okawaru
Qazlal
Ru
Sif Muna
Trog
Uskayaw
Vehumet
Wu Jian
Xom
Yredelemnul
Zin
The Shining One

Shops:
D:3 (

Annotations:
D:5 exclusion: door


Message History

The killer bee is no longer petrified.
You hit the killer bee but do no damage.
The killer bee misses you. The killer bee stings you.
* * * LOW HITPOINT WARNING * * *
You are poisoned.
The killer bee poisons you!
Unknown command.
You miss the killer bee.
You feel sick. The killer bee stings you.
* * * LOW HITPOINT WARNING * * *
The killer bee misses you.
Unknown command.
You completely miss the killer bee.
You feel sick. The killer bee stings you.
* * * LOW HITPOINT WARNING * * *
The killer bee closely misses you.
Unknown command.
It was a potion of might.
You feel very mighty all of a sudden.
You feel sick. The killer bee closely misses you. The killer bee stings you.
* * * LOW HITPOINT WARNING * * *
It was a potion of attraction.
You feel attractive to monsters.
* * * LOW HITPOINT WARNING * * *
You feel sick. The killer bee misses you. The killer bee barely misses you.
Okay, then.
Okay, then.
Blink to where?
Press: ? - help, Dir - move target, p - killer bee
As you read the scroll of blinking, it crumbles to dust.
* * * LOW HITPOINT WARNING * * *
You feel sick. The killer bee is attracted toward you.
As you read the scroll of teleportation, it crumbles to dust.
You feel strangely unstable.
* * * LOW HITPOINT WARNING * * *
You feel sick.
You are no longer poisoned.
Unknown command.
Okay, then.
Okay, then.
The killer bee stings you.
You die...

.......####........#..#..........
...............#####..#..........
#######........'...........##+###
......#........#####...#####.....
......#....########§§§..####.....
......#....#....##§§§§§§.##'...##
.##'###.<..#...§#§§§.§§§§§##...##
...........#..#§§§§§...§.§.....#.
...........#..#§@y..._...§.......
...........#..§.§.......§§§......
.......#'###...##.§§....§§##.....
.......#.......###§.§...§###...##
.......#.......# ##....§#####'###
.......######### ##...####.....#
.....### #...##'#.....# .....#
#.†....#.....# .....#
#......#.....#


You could see a killer bee.

Vanquished Creatures
  A two-headed ogre (D:8)
  Pikel (D:8)
  A hornet (D:8)
  A yak (D:8)
  A water moccasin (D:6)
  5 black bears
  An ice beast (D:7)
  A centaur (D:8)
  2 ogres
  3 kobold brigands
  6 bullfrogs
  3 scorpions
  A killer bee (D:9)
  3 electric eels (D:5)
  5 hounds
  A gnoll bouda (D:7)
  An orc priest (D:7)
  2 iguanas (D:6)
  An orc wizard (D:7)
  20 gnolls
  8 adders
  8 river rats
  2 white imps (D:8)
  2 ufetubi (D:6)
  3 worms
  5 dart slugs
  10 orcs
  9 bats
  13 endoplasms
  3 giant cockroaches
  6 goblins
  9 hobgoblins
  2 jackals (D:1)
  34 kobolds
  2 quokkas
  13 ball pythons
  5 frilled lizards
  24 rats
  A spectral hobgoblin (D:2)
219 creatures vanquished.

Vanquished Creatures (others)
  2 boulders (D:8)
2 creatures vanquished.

Grand Total: 221 creatures vanquished

Notes
Turn   | Place    | Note
-------+----------+-------------------------------------------
     0 | D:1      | GreatBamboolord the Deep Elf Earth Elementalist began the
                  | quest for the Orb.
     0 | D:1      | Reached XP level 1. HP: 10/10 MP: 6/6
   146 | D:1      | Reached XP level 2. HP: 15/15 MP: 4/8
   635 | D:1      | Reached XP level 3. HP: 20/20 MP: 5/9
   670 | D:1      | You fall into a shaft and drop 1 floor!
   858 | D:2      | Learned a level 2 spell: Passwall
   862 | D:2      | Learned a level 3 spell: Stone Arrow
   981 | D:2      | Reached skill level 1 in Conjurations
   981 | D:2      | Reached XP level 4. HP: 24/24 MP: 7/11
  1395 | D:2      | Found a faded altar of an unknown god.
  1440 | D:2      | Prayed at the altar of an unknown god.
  1440 | D:2      | Became a worshipper of Sif Muna the Loreminder
  1440 | D:2      | Reached * piety under Sif Muna
  2574 | D:3      | Found Qumuehum's Weapon Shoppe.
  2604 | D:3      | Bought 4 datura-tipped darts for 43 gold pieces
  2604 | D:3      | Bought 3 atropa-tipped darts for 32 gold pieces
  2639 | D:3      | Reached skill level 1 in Fighting
  2927 | D:3      | Reached skill level 4 in Spellcasting
  2927 | D:3      | Reached XP level 5. HP: 29/29 MP: 6/13
  3453 | D:4      | Found the +5 woodcutter's axe
  3481 | D:4      | Reached ** piety under Sif Muna
  3482 | D:4      | Reached skill level 1 in Invocations
  3497 | D:4      | Found a glowing drain.
  3502 | D:4      | Reached XP level 6. HP: 17/34 MP: 4/14
  3536 | Sewer    | Entered a sewer
  4040 | Sewer    | Reached *** piety under Sif Muna
  5047 | D:5      | Entered Level 5 of the Dungeon
  5143 | D:5      | Reached XP level 7. HP: 38/38 MP: 14/16
  5163 | D:5      | Found a sacrificial altar of Ru.
  5310 | D:5      | Reached skill level 5 in Spellcasting
  5562 | D:5      | Reached skill level 5 in Earth Magic
  5753 | D:5      | Reached skill level 5 in Dodging
  6148 | D:6      | Reached XP level 8. HP: 44/44 MP: 15/18
  6174 | D:6      | Reached skill level 6 in Spellcasting
  6181 | D:6      | Reached **** piety under Sif Muna
  6463 | D:6      | Found a stormy altar of Qazlal.
  6787 | D:7      | Reached skill level 5 in Stealth
  6969 | D:7      | Learned a level 4 spell: Brom's Barrelling Boulder
  6974 | D:7      | Learned a level 4 spell: Petrify
  7039 | D:7      | Found a burning altar of Makhleb.
  7052 | D:7      | Reached XP level 9. HP: 41/49 MP: 14/21
  7273 | D:7      | Reached skill level 7 in Spellcasting
  7273 | D:7      | Reached skill level 5 in Conjurations
  7515 | D:7      | Found a staircase to the Ecumenical Temple.
  7524 | Temple   | Entered the Ecumenical Temple
  7688 | D:8      | Found a bloodstained altar of Trog.
  7713 | D:8      | Found a staircase to the Lair.
  7830 | D:8      | Found a hazy altar of Hepliaklqana.
  7958 | D:8      | Found a shadowy altar of Dithmenos.
  8015 | D:8      | Noticed Pikel
  8022 | D:8      | Killed Pikel
  8248 | D:8      | Noticed a two-headed ogre
  8265 | D:8      | Killed a two-headed ogre
  8266 | D:8      | Reached skill level 8 in Spellcasting
  8798 | D:9      | Reached XP level 10. HP: 19/56 MP: 10/24
  8821 | D:8      | HP: 2/56 [poisoned by a killer bee]
  8824 | D:8      | Slain by a killer bee

Illustrated notes

Levels and vault maps discovered:
D:1:      dpeg_arrival_three_same_balls, layout_loops_ring
D:2:      layout_loops_corners, dreamdust_ecumenical_altar_drowned_temple,
          kennysheep_cross_bottleneck, chequers_serial_rivers_micro_a
D:3:      layout_basic, serial_shops, shop
D:4:      layout_loops_cross, portal_sewer_entry_a, dreamdust_gnoll_farm
D:5:      cheibrodos_two_vegetables, layout_basic, nicolae_ru_awakened_eye
D:6:      layout_cave_pools, mainiacjoe_overflow_boulevard
D:7:      layout_loops_cross, old_standard_altar, minmay_temple_entry_trees,
          kennysheep_generic_room_3
D:8:      layout_gridville, nicolae_dithmenos_the_darkroom,
          mainiacjoe_overflow_catwalk, mainiacjoe_overflow_brackets,
          lair_entry_dummy, feat_on_display, uniq_pikel
D:9:      layout_cave_pools, mainiacjoe_overflow_tiny_flanked,
          serial_gnoll_camp, gnoll_camp_mini_shop, gnoll_camp_huts_moat,
          grums_kennel, gnoll_camp_mini_sergeant, gnoll_camp_mini_hut,
          nicolae_fountain_basement
Temple:   hellmonk_temple_of_storms

Skill      XL: |  1  2  3  4  5  6  7  8  9 |
---------------+----------------------------+-----
Dodging        | 3 4 5 6 7 |  7.5
Stealth        | 3 4 5 6 |  6.1
Conjurations   | 1 2 3 4 6 |  6.2
Earth Magic    | 4 5 6 7 |  7.3
Fighting       | 1 2 3 |  3.5
Spellcasting   | 4 5 6 8 |  8.3
Transmutations | 2 3 4 |  4.0
Invocations    | 1 2 3 4 |  4.2

Action                     |  1- 3 |  4- 6 |  7- 9 | 10-12 || total
---------------------------+-------+-------+-------+-------++-------
  Melee: Unarmed           |     1 |       |       |       ||     1
         Dagger            |       |     5 |       |       ||     5
         Battleaxe         |       |    24 |    18 |     3 ||    45
   Cast: Sandblast         |    43 |   147 |   113 |       ||   303
         Stone Arrow       |       |       |    21 |     3 ||    24
         Brom's Barrelling |       |       |     6 |     1 ||     7
         Petrify           |       |       |     1 |       ||     1
    Use: Scroll            |     4 |     3 |     4 |     2 ||    13
         Potion            |       |       |     4 |     3 ||     7
 Armour: Robe              |    10 |    78 |    75 |    10 ||   173
  Dodge: Dodged            |     6 |   100 |    84 |    13 ||   203

Table legend: (Time is in decaauts)
 A = Elapsed time spent in this place.
 B = Non-inter-level travel time spent in this place.
 C = Inter-level travel time spent in this place.
 D = Time resting spent in this place.
 E = Time spent auto-exploring this place.
 F = Levels seen in this place.
 G = Mean time per level.
                   A        B        C        D        E       F      G
               +--------+--------+--------+--------+--------+-----+--------+
         Total |   9024 |   8672 |    352 |    806 |   6448 |  11 |  820.4 |
       Dungeon |   8111 |   7759 |    352 |    727 |   5816 |   9 |  901.2 |
        Temple |      1 |      1 |      0 |      0 |      0 |   1 |    1.0 |
         Sewer |    910 |    910 |      0 |     79 |    631 |   1 |  910.0 |
               +--------+--------+--------+--------+--------+-----+--------+

Top non-repeatable levels by time:
     D:2: 1422 daAuts
     D:8: 1265 daAuts
     D:3: 1163 daAuts
     D:5: 1119 daAuts
   Sewer: 910 daAuts
     D:1: 881 daAuts
     D:7: 804 daAuts
     D:4: 789 daAuts
     D:6: 659 daAuts
     D:9: 5 daAuts
  Temple: 1 daAuts
